 Dungeon Crawl Stone Soup version 0.24.0-13-gcf9b319 (webtiles) character file.

Game seed: 10955573962812156684, levelgen mode: deterministic

9 Arctor the Magician (level 2, -1/15 HPs)
             Began as a Gargoyle Wizard on Apr 17, 2020.
             Slain by an orc wizard
             ... wielding a +0 dagger of electrocution
              (4 damage)
             ... on level 2 of the Dungeon.
             The game lasted 00:00:34 (396 turns).

Arctor the Magician (Gargoyle Wizard)                Turns: 396, Time: 00:00:35

Health: -1/15      AC:  4    Str: 10    XL:     2   Next: 16%
Magic:  1/6        EV: 12    Int: 18    God:
Gold:   28         SH:  0    Dex:  8    Spells: 6/7 levels left

rFire    . . .     SeeInvis .   e - +0 short sword
rCold    . . .     Gourm    .   (no shield)
rNeg     + . .     Faith    .   a - +0 robe
rPois    ∞         Spirit   .   b - +0 hat
rElec    +         Reflect  .   (no cloak)
rCorr    .         Harm     .   (no gloves)
MR       .....                  (no boots)
Stlth    ++........             (no amulet)
HPRegen  0.05/turn              (no ring)
MPRegen  0.10/turn              (no ring)

@: very slightly contaminated
A: negative energy resistance 1, electricity resistance, unbreathing,
petrification resistance, rot immunity, AC +2
a: no special abilities


You were on level 2 of the Dungeon.
You were not hungry.

You visited 1 branch of the dungeon, and saw 2 of its levels.

You collected 28 gold pieces.

Inventory:

Hand Weapons
 e - a +0 short sword (weapon)
Armour
 a - a +0 robe (worn)
 b - a +0 hat (worn)
Jewellery
 g - an uncursed amulet of magic regeneration {unknown}
Scrolls
 c - 2 scrolls of teleportation {unknown}
 h - a scroll of fear {unknown}
 i - 2 scrolls of identify {unknown}
Potions
 f - a potion of magic {unknown}
Comestibles
 d - 2 rations


   Skills:
 - Level 1.5 Dodging
 - Level 2.1 Stealth
 - Level 3.0 Spellcasting
 + Level 2.4 Conjurations
   Level 0.8 Summonings
   Level 0.8 Translocations


You had 6 spell levels left.
You knew the following spells:

 Your Spells              Type           Power        Failure   Level  Hunger
a - Magic Dart            Conj           ##..         6%          1    None

Your spell library contained the following spells:

 Spells                   Type           Power        Failure   Level  Hunger
 Blink                    Tloc           N/A          17%         2    ##.....
 Call Imp                 Summ           #.......     17%         2    ##.....
 Slow                     Hex            #.......     24%         2    ##.....
 Conjure Flame            Conj/Fire      #.......     30%         3    ###....
 Mephitic Cloud           Conj/Pois/Air  #.......     34%         3    ###....


Dungeon Overview and Level Annotations

Branches:
Dungeon (1/15)

Altars:


Innate Abilities, Weirdness & Mutations

You are resistant to torment.
Your stone body is resilient. (AC +2)
You are immune to poison.
You resist negative energy. (rN+)
You are resistant to electric shocks. (rElec)
You can survive without breathing.
You are immune to petrification.
You are immune to rotting.


Message History

The orc wizard gestures at you while chanting.
The magic dart hits you!
Ouch! That really hurt!
Casting: Magic Dart (safe; 6% risk of failure)
Confirm with . or Enter, or press ? or * to list all spells.
Aiming: Magic Dart (safe; 6% risk of failure)
Press: ? - help, Shift-Dir - straight line, f/p - orc wizard
Aim: an orc wizard, wielding a +0 dagger of electrocution and wearing a +0 robe The magic dart hits the orc wizard.
The orc wizard is lightly wounded.
The orc wizard gestures wildly while chanting.
The orc wizard flickers and vanishes!
Deactivating autopickup; reactivate with Ctrl-A.
A kobold comes into view. It is wielding a +0 dagger.
Something hits you.
You miss something. Something hits you.
* * * LOW HITPOINT WARNING * * *
The rat twitches its whiskers.
You closely miss something. Something hits you.
You die...

#.# #.#
#.# #.#
#.# #.# #
#.#
.##.r###.#
#..Koo{@.#
.#...#####
#.


You could see 2 orcs, a kobold and a rat.

Vanquished Creatures
  A leopard gecko (D:1)
  2 goblins (D:1)
  A bat (D:2)
  A frilled lizard (D:2)
  3 kobolds (D:1)
  2 rats
10 creatures vanquished.

Notes
Turn   | Place    | Note
-------+----------+-------------------------------------------
     0 | D:1      | Arctor the Gargoyle Wizard began the quest for the Orb.
     0 | D:1      | Reached XP level 1. HP: 10/10 MP: 4/4
   135 | D:1      | Reached XP level 2. HP: 10/15 MP: 1/6
   143 | D:1      | You fall into a shaft and drop 1 floor!
   396 | D:2      | Slain by an orc wizard

Levels and vault maps discovered:
D:1:      eino_arrival_druids_welcome, layout_loops_ring, dk_noncrumbling_2,
          chequers_arboretum, grunt_decor_mini_mirrors, minmay_tromino_mix6
D:2:      layout_loops_ring, nemelex_xobeh_ov_fountains_minmay,
          minmay_pentomino_pile

Skill      XL: |  1 |
---------------+----+-----
Conjurations   | 2 |  2.4
Dodging        | |  1.5
Stealth        | |  2.1
Spellcasting   | |  3.0
Summonings     | |  0.8
Translocations | |  0.8

Action                   || total
-------------------------++-------
Melee: Unarmed           ||    10
       Short sword       ||    14
 Cast: Magic Dart        ||    18
Armor: Robe              ||     9
Dodge: Dodged            ||    10
